 Dungeon Crawl Stone Soup version 0.27-a0-836-gfc908b8576 (webtiles) character file.

Game seed: 12808301295026160311

1116 funkygono the Thaumaturge (level 8, -1/50 HPs)
             Began as a Djinni Fire Elementalist on Mar 31, 2021.
             Slain by Duvessa
             ... wielding a +2 rapier of venom
              (16 damage)
             ... on level 6 of the Dungeon.
             The game lasted 00:12:08 (5985 turns).

funkygono the Thaumaturge (DjFE)                    Turns: 5985, Time: 00:12:09

Health: -1/50      AC:  8    Str:  7    XL:     8   Next: 34%
Gold:   325        EV: 13    Int: 18    God:
                   SH:  0    Dex: 15

rFire    + + .     SeeInvis .   p - +2 dagger (pain)
rCold    x . .     Faith    .   (no shield)
rNeg     . . .     Spirit   .   a - +0 robe
rPois    ∞         Reflect  .   l - +0 helmet
rElec    .         Harm     .   (no cloak)
rCorr    .         Rampage  .   c - +0 pair of gloves
Will     .....                  (boots unavailable)
Stlth    ++........             (no amulet)
HPRegen  0.16/turn              o - +4 ring of protection
MPRegen  0.00/turn              (no ring)

@: flying, very slightly contaminated
A: fire resistance 2, cold vulnerability 1, float, innate caster, hp casting,
extra vitality 1
a: no special abilities


You were on level 6 of the Dungeon.
You visited 1 branch of the dungeon, and saw 6 of its levels.

You collected 325 gold pieces.

Inventory:

Hand Weapons
 e - a +2 dagger of holy wrath
 k - a +0 dagger of flaming
 p - a +2 dagger of pain (weapon)
Armour
 a - a +0 robe (worn)
 c - a +0 pair of gloves (worn)
 l - a +0 helmet (worn)
Jewellery
 o - a +4 ring of protection (left hand)
 t - a ring of positive energy
Scrolls
 h - a scroll of fear
 r - 2 scrolls of noise {unknown}
 u - a scroll of teleportation
Potions
 b - a potion of flight {unknown}
 d - a potion of degeneration
 f - 2 potions of brilliance
 g - 2 potions of attraction {unknown}
 i - a potion of curing {unknown}
 j - a potion of haste {unknown}
 m - a potion of heal wounds {unknown}
 n - a potion of berserk rage {unknown}
 q - 2 potions of lignification {unknown}
 s - a potion of ambrosia {unknown}


   Skills:
 + Level 0.1 Fighting
 * Level 3.4 Dodging
 - Level 1.5 Stealth
 * Level 8.3 Spellcasting


You had one spell level left.
You knew the following spells:

 Your Spells              Type           Power      Damage    Failure   Level
a - Foxfire               Conj/Fire      100%       2x1d9     1%          1
b - Conjure Flame         Conj/Fire      37%        6-21      1%          3
c - Inner Flame           Hex/Fire       37%        N/A       1%          3
d - Sticky Flame          Conj/Fire      37%        2d6       3%          4
e - Fireball              Conj/Fire      18%        3d9       9%          5
f - Magic Dart            Conj           100%       1d8       1%          1
g - Call Imp              Summ           37%        N/A       1%          2
h - Gell's Gravitas       Tloc           18%        N/A       1%          3
Your spell library was empty.

Dungeon Overview and Level Annotations

Branches:
Dungeon (6/15)
 Temple: D:4-7

Altars:

Shops:
D:3 [

Annotations:
D:6 Duvessa


Innate Abilities, Weirdness & Mutations

You are immune to poison.
Your flesh is very heat resistant. (rF++)
You are vulnerable to cold. (rC-)
You float through the air rather than walking.
You learn spells naturally, not from books.
Your magical power is your life essence.
You have superior vitality. (+4 HP)


Message History

Duvessa rages.
Casting: Foxfire (safe; 1% risk of failure)
Confirm with . or Enter, or press ? or * to list all spells.
You conjure some foxfire!
The foxfire hits Duvessa.
Duvessa completely resists.
The foxfire hits Duvessa but does no damage. x2
The foxfire hits Duvessa.
Duvessa resists.
Duvessa is lightly wounded.
Unknown command.
Casting: Foxfire (safe; 1% risk of failure)
Confirm with . or Enter, or press ? or * to list all spells.
You conjure some foxfire!
The foxfire hits Duvessa but does no damage.
Duvessa is lightly wounded.
The foxfire hits Duvessa.
Duvessa completely resists.
Duvessa is lightly wounded.
Casting: Foxfire (safe; 1% risk of failure)
Confirm with . or Enter, or press ? or * to list all spells.
Aiming: Sticky Flame (dangerous; 3% risk of failure)
Press: ? - help, Shift-Dir - straight line, f - Duvessa
Aim: Duvessa, wielding a +2 rapier of venom, wearing a +1 ring mail of fire resistance and carrying a wand of digging (7) (lightly wounded, berserk, ally target, 0% to evade)
You miscast Sticky Flame.
You are very lightly contaminated with residual magic.
Fire whirls out from your hands. You resist.
The foxfire hits Duvessa.
Duvessa resists.
Duvessa is lightly wounded.
The foxfire hits Duvessa but does no damage.
Duvessa is lightly wounded.
Duvessa hits you with a +2 rapier of venom!
Casting: Sticky Flame (dangerous; 3% risk of failure)
Confirm with . or Enter, or press ? or * to list all spells.
Aiming: Sticky Flame (dangerous; 3% risk of failure)
Press: ? - help, Shift-Dir - straight line, f/p - Duvessa
Aim: Duvessa, wielding a +2 rapier of venom, wearing a +1 ring mail of fire resistance and carrying a wand of digging (7) (lightly wounded, berserk, 0% to evade)
The sticky flame hits Duvessa.
Duvessa resists.
Duvessa is lightly wounded.
Duvessa is covered in liquid flames!
* * * LOW HITPOINT WARNING * * *
Duvessa burns!
Duvessa hits you with a +2 rapier of venom!
You die...

#........###......##.##.......
####........###.##.####..........
................##.# #..........
..†.......#........## ##......†..
..#.......#..##.## .. ##.........
..#...).......#..# .# #......Z<.#
.................# .# #..........
>.!.....#........# .####.....###.
........###....e@# ..#.......# .
.................##§...v......
............##...<..§..§....#..
............ ##.......)§....#.#
............ #........§.... .#
........... ...###....v..
.......... #.### ....... ##
....... .......


You could see Duvessa (berserk, burning).

Vanquished Creatures
  Menkaure (D:5)
  Edmund (D:5)
  An ice beast (D:3)
  2 ogres (D:5)
  2 scorpions
  Dowan (D:6)
  A water moccasin skeleton (D:6)
  2 hounds
  A bullfrog skeleton (D:6)
  Jessica (D:3)
  5 iguanas
  A hound skeleton (D:5)
  Robin (D:3)
  5 adders
  A white imp (D:5)
  2 adder skeletons
  A worm (D:2)
  3 dart slugs
  10 orcs (D:5)
  2 bats
  3 endoplasms
  4 giant cockroaches
  14 goblins
  9 hobgoblins
  2 jackals (D:3)
  3 quokkas
  5 ball pythons
  2 frilled lizards
  8 kobolds
  4 rats
98 creatures vanquished.

Vanquished Creatures (others)
  390 foxfires
390 creatures vanquished.

Grand Total: 488 creatures vanquished

Notes
Turn   | Place    | Note
-------+----------+-------------------------------------------
     0 | D:1      | funkygono the Djinni Fire Elementalist began the quest for
                  | the Orb.
     0 | D:1      | Reached XP level 1. HP: 15/15 MP: 0/0
   263 | D:1      | Reached skill level 3 in Spellcasting
   340 | D:1      | Reached XP level 2. HP: 18/21 MP: 0/0
  1234 | D:2      | Reached XP level 3. HP: 18/25 MP: 0/0
  1234 | D:2      | Learned a level 1 spell: Magic Dart
  1647 | D:2      | Reached skill level 4 in Spellcasting
  1712 | D:2      | Reached XP level 4. HP: 27/31 MP: 0/0
  2696 | D:3      | Noticed Jessica
  2704 | D:3      | Killed Jessica
  2881 | D:3      | Found Zoij's Antique Armour Emporium.
  2905 | D:3      | Noticed Robin
  2914 | D:3      | Killed Robin
  2915 | D:3      | Reached XP level 5. HP: 18/35 MP: 0/0
  2915 | D:3      | Learned a level 2 spell: Call Imp
  3286 | D:3      | Noticed an ice beast
  3295 | D:3      | Killed an ice beast
  3296 | D:3      | Reached skill level 5 in Spellcasting
  3296 | D:3      | Reached XP level 6. HP: 34/40 MP: 0/0
  4408 | D:5      | Entered Level 5 of the Dungeon
  4590 | D:5      | Noticed Edmund
  4602 | D:5      | Killed Edmund
  4603 | D:5      | Reached skill level 6 in Spellcasting
  4603 | D:5      | Reached XP level 7. HP: 32/45 MP: 0/0
  4603 | D:5      | Learned a level 3 spell: Gell's Gravitas
  4986 | D:5      | Noticed Menkaure
  4990 | D:5      | Reached skill level 7 in Spellcasting
  4992 | D:5      | Killed Menkaure
  5201 | D:5      | Reached XP level 8. HP: 43/50 MP: 0/0
  5539 | D:6      | Reached skill level 8 in Spellcasting
  5604 | D:6      | Noticed Duvessa
  5604 | D:6      | Noticed Dowan
  5938 | D:6      | Killed Dowan
  5985 | D:6      | Slain by Duvessa

Illustrated notes

Levels and vault maps discovered:
D:1:      psy_arrival_whirlpool, layout_basic, chequers_serial_rivers_micro_a
D:2:      layout_basic, serial_curves, eino_curves_04, eino_curves_03,
          minivault_26
D:3:      layout_loops_corners, serial_shops, shop, grunt_ministairs_4,
          uniq_robin, uniq_jessica
D:4:      layout_cave_pools, st_stairs_13
D:5:      layout_gridville, uniq_edmund, uniq_menkaure
D:6:      layout_cave_pools, nicolae_overflow_crystal_walls, uniq_duvessa

Skill      XL: |  1  2  3  4  5  6  7  8 |
---------------+-------------------------+-----
Spellcasting   | 3 4 5 6 7 8 |  8.3
Dodging        | 3 |  3.4
Fighting       | |  0.1
Stealth        | |  1.5

Action                   |  1- 3 |  4- 6 |  7- 9 || total
-------------------------+-------+-------+-------++-------
 Cast: Foxfire           |    51 |    96 |    86 ||   233
       Magic Dart        |     1 |     3 |       ||     4
       Sticky Flame      |       |     2 |     3 ||     5
       Inner Flame       |       |       |     1 ||     1
  Use: Scroll            |     4 |     5 |     3 ||    12
Armor: Robe              |     1 |     6 |     3 ||    10
Dodge: Dodged            |    10 |    13 |     6 ||    29

Table legend: (Time is in decaauts)
 A = Elapsed time spent in this place.
 B = Non-inter-level travel time spent in this place.
 C = Inter-level travel time spent in this place.
 D = Time resting spent in this place.
 E = Time spent auto-exploring this place.
 F = Levels seen in this place.
 G = Mean time per level.
                   A        B        C        D        E       F      G
               +--------+--------+--------+--------+--------+-----+--------+
         Total |   5982 |   5873 |    109 |    796 |   4383 |   6 |  997.0 |
       Dungeon |   5982 |   5873 |    109 |    796 |   4383 |   6 |  997.0 |
               +--------+--------+--------+--------+--------+-----+--------+

Top non-repeatable levels by time:
     D:3: 1439 daAuts
     D:5: 1312 daAuts
     D:1: 1226 daAuts
     D:2: 1018 daAuts
     D:4: 720 daAuts
     D:6: 265 daAuts
